 Dungeon Crawl Stone Soup version 0.28.0-45-g0d030f2227 (webtiles) character file.

Game seed: 4458400549543731393

5481 protoss039 the Fighter (level 10, -2/68 HPs)
             Began as a Gargoyle Gladiator on Apr 10, 2022.
             Was a High Priest of Okawaru.
             Slain by an eight-headed hydra (4 damage)
             ... on level 8 of the Dungeon.
             The game lasted 00:20:49 (7908 turns).

protoss039 the Fighter (Gargoyle Gladiator)         Turns: 7908, Time: 00:20:51

Health: -2/68      AC: 25    Str: 22    XL:     10   Next: 69%
Magic:  16/16      EV:  7    Int:  9    God:    Okawaru [*****.]
Gold:   668        SH:  0    Dex: 17    Spells: 9/9 levels left

rFire   . . .      SeeInvis +   e - +1 whip (venom)
rCold   + . .      Faith    .   (no shield)
rNeg    + . .      Spirit   .   E - +2 plate armour {rC+}
rPois   ∞          Reflect  .   r - +2 helmet
rElec   +          Harm     .   p - +0 cloak
rCorr   .          Rampage  .   h - +0 pair of gloves
Will    .....                   n - +0 pair of boots
Stlth   ..........              o - amulet of regeneration
HPRegen 1.01/turn               k - +6 ring of dexterity
MPRegen 0.15/turn               w - ring of see invisible

@: no status effects
A: sickness immunity, AC +7, negative energy resistance 1, electricity
resistance, torment resistance 1, petrification resistance
a: Renounce Religion, Heroism, Finesse, Duel


You were on level 8 of the Dungeon.
You worshipped Okawaru.
Okawaru was extremely pleased with you.
You visited 2 branches of the dungeon, and saw 9 of its levels.
You also visited: Bailey.

You collected 668 gold pieces.

Inventory:

Hand Weapons
 e - a +1 whip of venom (weapon)
Missiles
 d - 2 throwing nets (quivered)
Armour
 h - a +0 pair of gloves (worn)
 n - a +0 pair of boots (worn)
 p - a +0 cloak (worn)
 r - a +2 helmet (worn)
 E - a +2 plate armour of cold resistance (worn)
Jewellery
 k - a +6 ring of dexterity (left hand)
 o - an amulet of regeneration (around neck)
 w - a ring of see invisible (right hand)
 B - a ring of protection from fire
Wands
 a - a wand of paralysis (10)
 b - a wand of iceblast (5)
 l - a wand of flame (6)
Scrolls
 g - 3 scrolls of teleportation
 j - 2 scrolls of enchant armour
 s - a scroll of summoning {unknown}
 u - a scroll of blinking {unknown}
 v - 2 scrolls of amnesia
 x - a scroll of fear
 y - 2 scrolls of immolation {unknown}
Potions
 c - a potion of lignification
 f - a potion of resistance
 i - 2 potions of brilliance
 m - a potion of heal wounds
 q - 5 potions of magic
 t - 2 potions of attraction
 z - a potion of invisibility {unknown}
 A - a potion of curing {unknown}
 C - a potion of flight {unknown}
 D - 2 potions of mutation {unknown}
 F - a potion of cancellation {unknown}
 G - a potion of might {unknown}


   Skills:
 + Level 10.8 Fighting
 + Level 10.1 Maces & Flails
 - Level 2.0 Throwing
 - Level 3.0 Dodging
 - Level 8.0 Invocations


You had 9 spell levels left.
You didn't know any spells.
Your spell library contained the following spells:

 Spells                   Type           Power      Damage    Failure   Level
 Slow                     Hex            0%         N/A       100%        1
 Confusing Touch          Hex            0%         N/A       100%        3
 Vampiric Draining        Necr           0%         2d6       100%        3


Dungeon Overview and Level Annotations

Branches:
Dungeon (8/15)             Temple (1/1) D:4          Bailey (visited)
   Lair: D:8-11

Altars:
Ashenzari
Cheibriados
Dithmenos
Gozag
Hepliaklqana
Kikubaaqudgha
Makhleb
Okawaru
Trog
Uskayaw
Wu Jian
Xom
Yredelemnul

Shops:
D:1 *


Innate Abilities, Weirdness & Mutations

You are immune to sickness and miasma.
Your stone body is resilient. (AC +7)
You are immune to poison.
You resist negative energy. (rN+)
You are resistant to electric shocks. (rElec)
You are resistant to unholy torment.
You are immune to petrification.


Message History

Okawaru is honoured by your kill.
Your base Maces & Flails skill increases to level 10!
Items here: ! ) ? [ †.
Unknown command.
Unknown command.
The orc warrior no longer looks unusually strong.
Things that are here:
a +0 spear; an orc corpse
Things that are here:
a +0 spear; a +0 chain mail; an orc corpse
Items here: ! ) [ †.
There is a broken door here.
You see here a +0 halberd.
The orc knight roars a battlecry!
The orc warrior goes into a battle-frenzy!
There is an open door, spattered with blood here.
Items here: ))) [ ÷÷ †.
Items here: )))) ÷ †.
You feel like a meek peon again.
Items here: )))))))) [[[[ ÷÷.
You hit the orc warrior but do no damage.
The orc warrior is poisoned.
The orc warrior hits you with a +0 glaive!
You whack the orc warrior!
The orc warrior is moderately wounded.
You hit the orc warrior but do no damage.
The orc warrior looks as sick as possible!
The orc warrior is moderately wounded.
The orc warrior hits you with a +0 glaive!!
* * * LOW HITPOINT WARNING * * *
The orc warrior hits you but does no damage.
There is a gate leading back out of this place here.
Unknown command.
The orc warrior barely misses you.
Welcome back to the Dungeon!
The eight-headed hydra bites you.
* * * LOW HITPOINT WARNING * * *
The eight-headed hydra bites you!
* * * LOW HITPOINT WARNING * * *
The eight-headed hydra bites you.
You die...

..#
##o............#.........#.
..#
######....#....##>....###8
..# ###.o....#####.### ..#
######......### .# ...#
#.....8........ .# ....#
#..8.....8.$... ......
#.............. ..##..#
#.............# .## #.#
#8....@D...8..#
#............##
#............#
#...8.....8...#
#......8......#
#.#.#######...# #... ....
#. ...


You could see an eight-headed hydra and an orc wizard.

Vanquished Creatures
  A two-headed ogre (D:5)
  An orc knight (Bailey)
  A water moccasin (D:7)
  Duvessa (D:7)
  3 ice beasts
  9 orc warriors
  2 black bears
  4 sky beasts
  6 ogres
  2 necrophages
  2 phantoms
  3 bullfrogs
  A gnoll sergeant (D:7)
  3 scorpions
  2 water moccasin zombies (D:6)
  A wyvern skeleton (D:7)
  Dowan (D:7)
  A water moccasin skeleton (D:5)
  A howler monkey (D:8)
  2 centaur zombies
  6 orc priests
  Crazy Yiuf (D:2)
  A gnoll shaman (D:5)
  A centaur skeleton (D:5)
  6 hounds
  2 jellies (D:3)
  2 iguanas
  Jessica (D:2)
  Terence (D:2)
  3 orc wizards
  A killer bee zombie (D:6)
  12 gnolls
  4 adders
  A shadow imp (D:7)
  An adder skeleton (D:4)
  2 worms
  2 dart slugs (D:1)
  48 orcs
  4 endoplasms
  2 giant cockroaches
  8 goblins
  9 hobgoblins
  8 jackals
  A quokka (D:1)
  8 ball pythons
  8 bats
  A frilled lizard (D:1)
  7 kobolds
  A rat (D:2)
199 creatures vanquished.

Vanquished Creatures (others)
  3 fungi (D:2)
  A plant (D:1)
4 creatures vanquished.

Grand Total: 203 creatures vanquished

Notes
Turn   | Place    | Note
-------+----------+-------------------------------------------
     0 | D:1      | protoss039 the Gargoyle Gladiator began the quest for the
                  | Orb.
     0 | D:1      | Reached XP level 1. HP: 12/12 MP: 1/1
   113 | D:1      | Found a faded altar of an unknown god.
   225 | D:1      | Reached XP level 2. HP: 16/18 MP: 2/2
   499 | D:1      | Reached XP level 3. HP: 19/22 MP: 3/3
   568 | D:1      | Found Urybued's Assorted Antiques.
  1273 | D:2      | Noticed Jessica
  1291 | D:2      | Killed Jessica
  1292 | D:2      | Reached XP level 4. HP: 28/28 MP: 4/4
  1320 | D:2      | Found a broken altar of Ashenzari.
  1675 | D:2      | Noticed Terence
  1703 | D:2      | Killed Terence
  1900 | D:2      | Reached XP level 5. HP: 33/33 MP: 5/5
  2013 | D:2      | Found a runed translucent door.
  2014 | D:2      | Noticed Crazy Yiuf
  2023 | D:2      | Killed Crazy Yiuf
  2297 | D:3      | Noticed a phantom
  2320 | D:3      | Killed a phantom
  2321 | D:3      | Reached XP level 6. HP: 34/39 MP: 6/6
  2631 | D:3      | Reached skill level 5 in Maces & Flails
  2750 | D:4      | Reached skill level 5 in Fighting
  2941 | D:4      | Found a staircase to the Ecumenical Temple.
  2952 | Temple   | Entered the Ecumenical Temple
  3019 | Temple   | Became a worshipper of Warmaster Okawaru
  3191 | D:4      | Noticed a black bear
  3198 | D:4      | Killed a black bear
  3199 | D:4      | Reached XP level 7. HP: 41/45 MP: 7/7
  3363 | D:4      | Reached * piety under Okawaru
  3652 | D:5      | Entered Level 5 of the Dungeon
  3706 | D:5      | Reached XP level 8. HP: 50/52 MP: 8/8
  3885 | D:5      | Reached ** piety under Okawaru
  4198 | D:5      | Reached skill level 1 in Invocations
  4720 | D:6      | Reached XP level 9. HP: 36/59 MP: 10/12
  4800 | D:6      | Noticed a two-headed ogre
  5005 | D:5      | Killed a two-headed ogre
  5005 | D:5      | Reached *** piety under Okawaru
  5101 | D:6      | HP: 3/60 [ogre/+0 giant club (20)]
  5996 | D:7      | Reached **** piety under Okawaru
  6061 | D:7      | Reached XP level 10. HP: 66/66 MP: 15/15
  6507 | D:7      | Found an ornate altar of the Wu Jian Council.
  6515 | D:7      | Found a shadowy altar of Dithmenos.
  6543 | D:7      | Found a hide-covered altar of Uskayaw.
  6647 | D:7      | Noticed Duvessa
  6648 | D:7      | Noticed Dowan
  6671 | D:7      | Killed Duvessa
  6684 | D:7      | Killed Dowan
  7022 | D:8      | Reached skill level 10 in Fighting
  7023 | D:8      | Noticed an eight-headed hydra
  7492 | D:8      | Found a flagged portal.
  7500 | Bailey   | Entered a bailey
  7748 | Bailey   | Noticed an orc knight
  7833 | Bailey   | Reached ***** piety under Okawaru
  7841 | Bailey   | Noticed an orc knight
  7855 | Bailey   | Noticed an orc knight
  7879 | Bailey   | Killed an orc knight
  7880 | Bailey   | Reached skill level 10 in Maces & Flails
  7908 | D:8      | HP: 2/68 [eight-headed hydra (12)]
  7908 | D:8      | Slain by an eight-headed hydra

Illustrated notes

Levels and vault maps discovered:
D:1:      dpeg_arrival_leaves_temple_mockup, layout_basic,
          dreamdust_ecumenical_altar_hidden_monk_grotto, serial_shops,
          nicolae_shop_overgrown_old_shop
D:2:      layout_loops_cross, basic_altar, minmay_pentomino_p2, uniq_jessica,
          uniq_terence, uniq_crazy_yiuf_cottage
D:3:      layout_rooms, amcnicky_mini_corridor_feature
D:4:      layout_basic, minmay_temple_entry_large_hall,
          cheibrodos_sewer_entry_bend, guppyfry_early_orc_mine
D:5:      layout_basic
D:6:      hangedman_cross_stitches, layout_basic, st_stairs_12, glass_columns_a,
          minmay_misc_feat_secret_circle
D:7:      layout_loops_ring, minitemple, lemuel_old_faithful, uniq_duvessa
D:8:      layout_layer_cave, enter_bailey_6, wad_dig_loot
Temple:   dpeg_five_rooms_temple

Skill      XL: |  1  2  3  4  5  6  7  8  9 10 |
---------------+-------------------------------+-----
Throwing       | 2 |  2.0
Dodging        | 3 |  3.0
Fighting       | 3 4 5 6 8 9 10 | 10.8
Maces & Flails | 4 5 6 7 8 10 | 10.1
Invocations    | 4 7 8 |  8.0

Action                   |  1- 3 |  4- 6 |  7- 9 | 10-12 || total
-------------------------+-------+-------+-------+-------++-------
Melee: Whip              |    88 |   150 |   414 |   295 ||   947
       Flail             |     3 |       |       |       ||     3
       Punch             |     1 |     2 |     5 |    11 ||    19
Throw: Throwing net      |       |       |       |     2 ||     2
Invok: Heroism           |       |       |       |     1 ||     1
  Use: Scroll            |       |       |     8 |     5 ||    13
 Stab: Held in net/web   |       |       |       |     6 ||     6
       Fleeing           |       |       |       |     1 ||     1
Armor: Leather armour    |    42 |     2 |       |       ||    44
       Scale mail        |       |    11 |       |       ||    11
       Chain mail        |       |    50 |   194 |    58 ||   302
       Plate armour      |       |       |       |    87 ||    87
Dodge: Dodged            |    55 |    75 |   132 |   104 ||   366
